 Dungeon Crawl Stone Soup version 0.30-a0-568-g124715a40b (webtiles) character file.

Game seed: 16944892653713326130

48 billz999 the Magician (level 4, 0/31 HPs)
             Began as a Djinni Ice Elementalist on Dec 29, 2022.
             Slain by an orc
             ... wielding a +0 morningstar
              (4 damage)
             ... on level 3 of the Dungeon.
             The game lasted 00:03:07 (1932 turns).

billz999 the Magician (Djinni Ice Elementalist)     Turns: 1932, Time: 00:03:07

Health: 0/31       AC:  2    Str:  7    XL:     4   Next: 0%
Gold:   180        EV: 12    Int: 19    God:
                   SH:  0    Dex: 13

rFire   + + .      SeeInvis .    m - +0 sling (drain)
rCold   x . .      Faith    +    (no shield)
rNeg    . . .      Spirit   .    a - +0 robe
rPois   ∞          Reflect  .    (no helmet)
rElec   .          Harm     .    (no cloak)
rCorr   .          Rampage  .    (no gloves)
Will    .....                    (boots unavailable)
Stlth   ++                       l - amulet of faith
HPRegen 0.25/turn                (no ring)
MPRegen 0.00/turn                (no ring)

@: flying
A: sickness immunity, fire resistance 2, cold vulnerability 1, float, innate
caster, HP casting, extra vitality 1
a: no special abilities


You were on level 3 of the Dungeon.
You visited 1 branch of the dungeon, and saw 3 of its levels.

You collected 180 gold pieces.

Inventory:

Hand Weapons
 c - a +0 dagger
 m - a +0 sling of draining (weapon)
Missiles
 f - 2 javelins
Armour
 a - a +0 robe (worn)
Jewellery
 l - an amulet of faith (around neck)
Scrolls
 h - a scroll of vulnerability {unknown}
 j - a scroll of summoning {unknown}
Potions
 b - a potion of magic
 d - a potion of resistance {unknown}
 g - 2 potions of curing {unknown}
 i - a potion of ambrosia {unknown}
 k - a potion of lignification {unknown}


   Skills:
 - Level 2.1 Dodging
 - Level 1.5 Stealth
 + Level 4.2 Spellcasting


You couldn't memorise any spells.
You knew the following spells:

 Your Spells              Type           Power      Damage    Failure   Level
a - Freeze                Ice            80%        1d9       2%          1
b - Frozen Ramparts       Ice            40%        1d7       7%          3
c - Ozocubu's Armour      Ice            20%        N/A       7%          3
d - Summon Ice Beast      Ice/Summ       20%        N/A       24%         4
e - Shock                 Conj/Air       80%        1d8       2%          1
Your spell library was empty.

Dungeon Overview and Level Annotations

Branches:
Dungeon (3/15)

Altars:

Shops:
D:1 *


Innate Abilities, Weirdness & Mutations

You are immune to sickness and miasma.
You are immune to poison.
Your flesh is very heat resistant. (rF++)
You are vulnerable to cold. (rC-)
You float through the air rather than walking.
You learn spells naturally, not from books.
Your magical power is your life essence.
You have superior vitality. (+4 MHP)


Message History

Aiming: Freeze (safe; 2% risk of failure)
Press: ? - help, Shift-Dir - straight line, f/p - orc
Aim: an orc, wielding a +0 dagger (severely wounded)
You freeze the orc.
You kill the orc!
The orc hits you with a +0 short sword.
* * * LOW HITPOINT WARNING * * *
An orc comes into view. It is wielding a +0 club.
You have reached level 4!
You feel clever.
Casting: Freeze (safe; 2% risk of failure)
Confirm with . or Enter, or press ? or * to list all spells.
Aiming: Freeze (safe; 2% risk of failure)
Press: ? - help, Shift-Dir - straight line, f - orc
Aim: an orc, wielding a +0 short sword and wearing a +0 chain mail You freeze the orc.
The orc is heavily wounded.
* * * LOW HITPOINT WARNING * * *
The orc misses you.
Casting: Freeze (safe; 2% risk of failure)
Confirm with . or Enter, or press ? or * to list all spells.
Aiming: Freeze (safe; 2% risk of failure)
Press: ? - help, Shift-Dir - straight line, f/p - orc
Aim: an orc, wielding a +0 short sword and wearing a +0 chain mail (heavily wounded)
You freeze the orc.
The orc is heavily wounded.
* * * LOW HITPOINT WARNING * * *
The orc misses you.
Casting: Freeze (safe; 2% risk of failure)
Confirm with . or Enter, or press ? or * to list all spells.
Aiming: Freeze (safe; 2% risk of failure)
Press: ? - help, Shift-Dir - straight line, f/p - orc
Aim: an orc, wielding a +0 short sword and wearing a +0 chain mail (heavily wounded)
You freeze the orc.
The orc is severely wounded.
* * * LOW HITPOINT WARNING * * *
The orc barely misses you.
An orc comes into view. It is wielding a +0 dagger.
The orc hits you with a +0 morningstar.
You die...

.... ...
o.. ..#
#..##
##....##
#oo....#
#@o$...#
##$...##
#..##
..# ..#
...#
....
....


You could see 4 orcs.

Vanquished Creatures
  A worm (D:2)
  2 orcs (D:3)
  4 endoplasms
  3 giant cockroaches (D:1)
  4 goblins
  5 hobgoblins
  3 jackals (D:2)
  4 quokkas (D:1)
  2 ball pythons (D:1)
  2 bats
  A frilled lizard (D:2)
  3 kobolds
  4 rats
38 creatures vanquished.

Notes
Turn   | Place    | Note
-------+----------+-------------------------------------------
     0 | D:1      | billz999 the Djinni Ice Elementalist began the quest for
                  | the Orb.
     0 | D:1      | billz999 set off with the following spells memorised:
                  | Freeze, Frozen Ramparts, Ozocubu's Armour, Summon Ice
                  | Beast.
     0 | D:1      | Reached XP level 1. HP: 15/15 MP: 0/0
   209 | D:1      | Reached XP level 2. HP: 20/21 MP: 0/0
   648 | D:1      | Reached XP level 3. HP: 24/25 MP: 0/0
   648 | D:1      | Learned a level 1 spell: Shock
   802 | D:1      | Found Raobuhe's General Store.
  1037 | D:2      | Reached skill level 4 in Spellcasting
  1906 | D:3      | Noticed a phantom
  1930 | D:3      | Reached XP level 4. HP: 7/31 MP: 0/0
  1932 | D:3      | Slain by an orc

Illustrated notes

Levels and vault maps discovered:
D:1:      roderic_crop_circles_arrival_small, layout_basic, serial_shops,
          shop_statue
D:2:      layout_loops_corners
D:3:      layout_loops_ring, supply_closet_lemuel,
          minmay_misc_feat_secret_circle, pf_guarded_unrand_woodcutter

Skill      XL: |  1  2  3 |
---------------+----------+-----
Spellcasting   | 4 |  4.2
Dodging        | |  2.1
Stealth        | |  1.5

Action                   |  1- 3 |  4- 6 || total
-------------------------+-------+-------++-------
Melee: Unarmed           |     1 |       ||     1
 Fire: Sling             |    15 |       ||    15
 Cast: Freeze            |    58 |     3 ||    61
       Frozen Ramparts   |     1 |       ||     1
  Use: Scroll            |     4 |       ||     4
Armor: Robe              |     2 |       ||     2
Dodge: Dodged            |    41 |     3 ||    44

Table legend: (Time is in decaauts)
 A = Elapsed time spent in this place.
 B = Non-inter-level travel time spent in this place.
 C = Inter-level travel time spent in this place.
 D = Time resting spent in this place.
 E = Time spent auto-exploring this place.
 F = Levels seen in this place.
 G = Mean time per level.
                   A        B        C        D        E       F      G
               +--------+--------+--------+--------+--------+-----+--------+
         Total |   1937 |   1861 |     76 |      0 |   1604 |   3 |  645.7 |
       Dungeon |   1937 |   1861 |     76 |      0 |   1604 |   3 |  645.7 |
               +--------+--------+--------+--------+--------+-----+--------+

Top non-repeatable levels by time:
     D:1: 968 daAuts
     D:2: 914 daAuts
     D:3: 54 daAuts
